 Dungeon Crawl Stone Soup version 0.19-a0-1678-g8ce114c (webtiles) character file.

21226 Hennin the Cleaver (level 12, -5/106 HPs)
             Began as a Minotaur Fighter on Sept 24, 2016.
             Was a High Priest of Okawaru.
             Killed from afar by an oklob plant (6 damage)
             ... with a splash of acid
             ... on level 3 of the Lair of Beasts.
             The game lasted 00:39:41 (15166 turns).

Hennin the Cleaver (Minotaur Fighter)              Turns: 15166, Time: 00:39:42

Health: -5/106     AC: 11    Str: 27    XL:     12   Next: 52%
Magic:  18/18      EV: 14    Int:  5    God:    Okawaru [*****.]
Gold:   738        SH: 14    Dex: 12    Spells: 3 memorised, 15 levels left

rFire  . . .     SeeInvis .     O - +2 broad axe (drain)
rCold  . . .     Gourm    .     e - +4 chain mail
rNeg   . . .     Faith    .     c - +1 shield
rPois  .         Spirit   .     (helmet restricted)
rElec  .         Dismiss  .     A - +2 cloak
rCorr  .         Reflect  .     w - +0 pair of gloves
MR     .....     Harm     .     d - +2 pair of boots
Stlth  ..........               j - amulet of magic regeneration
                                o - +2 ring of evasion
                                g - +3 ring of strength

@: corroded
A: retaliatory headbutt, horns 2
a: Heroism, Finesse, Renounce Religion


You were on level 3 of the Lair of Beasts.
You worshipped Okawaru.
Okawaru was extremely pleased with you.
You were not hungry.

You visited 3 branches of the dungeon, and saw 14 of its levels.

You collected 738 gold pieces.

Inventory:

Hand Weapons
 M - a +1 demon whip of flaming
 O - a +2 broad axe of draining (weapon)
Armour
 a - a +0 plate armour
 c - a +1 shield (worn)
 d - a +2 pair of boots (worn)
 e - a +4 chain mail (worn)
 w - a +0 pair of gloves (worn)
 A - a +2 cloak (worn)
Jewellery
 g - a +3 ring of strength (left hand)
 j - an amulet of magic regeneration (around neck)
 o - a +2 ring of evasion (right hand)
 K - a +3 ring of dexterity
Wands
 q - a wand of acid (11/15)
 v - a wand of random effects (12/48)
 H - a wand of random effects (29/48)
 P - a wand of paralysis (13/24)
 R - a wand of lightning (9/15)
Scrolls
 b - 5 scrolls of teleportation
 l - 3 scrolls of fear
 p - 4 scrolls of magic mapping
 u - 6 scrolls of remove curse
 y - a scroll of recharging
 F - a scroll of holy word
 I - 3 scrolls of amnesia
 S - a scroll of blinking
Potions
 m - a potion of cancellation
 n - 4 potions of brilliance
 r - a potion of resistance
 s - a potion of ambrosia
 x - 3 potions of lignification
 z - a potion of cure mutation
 B - a potion of berserk rage
 D - a potion of heal wounds {unknown}
 J - 3 potions of flight
 Q - a potion of agility {unknown}
Books
 k - a book of Clouds

   Spells                             Type                      Level
   a - Mephitic Cloud                 Conjuration/Poison/Air       3
   b - Conjure Flame                  Conjuration/Fire             3
   c - Poisonous Cloud                Conjuration/Poison/Air       6
   d - Freezing Cloud                 Conjuration/Ice/Air          6
   e - Ring of Flames                 Charms/Fire                  7
 C - a book of Necromancy

   Spells                             Type                      Level
   a - Pain                           Necromancy                   1
   b - Animate Skeleton               Necromancy                   1
   c - Vampiric Draining              Necromancy                   3
   d - Regeneration                   Charms/Necromancy            3
   e - Animate Dead                   Necromancy                   4
   f - Control Undead                 Necromancy                   4
 E - a book of Transfigurations

   Spells                             Type                      Level
   a - Irradiate                      Conjuration/Transmutation    5
   b - Statue Form                    Transmutation/Earth          6
   c - Hydra Form                     Transmutation                6
   d - Dragon Form                    Transmutation                7
 G - a book of Debilitation

   Spells                             Type                      Level
   a - Corona                         Hexes                        1
   b - Slow                           Hexes                        2
   c - Gell's Gravitas                Hexes/Translocation          3
   d - Inner Flame                    Hexes/Fire                   3
   e - Cause Fear                     Hexes                        4
   f - Leda's Liquefaction            Hexes/Earth                  4
 N - a book of Spatial Translocations

   Spells                             Type                      Level
   a - Apportation                    Translocation                1
   b - Blink                          Translocation                2
   c - Shroud of Golubria             Charms/Translocation         2
   d - Portal Projectile              Translocation                3
   e - Teleport Other                 Translocation                3
   f - Passage of Golubria            Translocation                4
Comestibles
 f - 9 bread rations
 h - 6 meat rations
 t - 6 chunks of flesh
 L - 8 fruits


   Skills:
 + Level 9.9 Fighting
 * Level 13.3 Axes
 + Level 9.9 Armour
 + Level 8.2 Dodging
 + Level 10.4 Shields
 + Level 5.0 Spellcasting
 + Level 4.9 Invocations


You had 15 spell levels left.
You knew the following spells:

 Your Spells              Type           Power        Failure   Level  Hunger
a - Regeneration          Chrm/Necr      #.........   100%        3    ####...
b - Apportation           Tloc           #.........   100%        1    ##.....
c - Blink                 Tloc           N/A          100%        2    ###....


Dungeon Overview and Level Annotations

Branches:
Dungeon (10/15)            Temple (1/1) D:5            Lair (3/6) D:9
  Swamp (0/4) Lair:2       Spider (0/4) Lair:3          Orc (0/2) D:9

Altars:
Ashenzari
Cheibriados
Dithmenos
Elyvilon
Fedhas
Gozag
Hepliaklqana
Kikubaaqudgha
Makhleb
Nemelex Xobeh
Okawaru
Qazlal
Ru
Sif Muna
Trog
Uskayaw
Vehumet
Xom
Yredelemnul
Zin
The Shining One

Shops:
D:6 !   D:8 *

Annotations:
Lair:3 exclusion: oklob plant


Innate Abilities, Weirdness & Mutations

You reflexively headbutt those who attack you in melee.
You have a pair of horns on your head.


Message History

The oklob plant is severely damaged.
You hit the komodo dragon but do no damage.
The komodo dragon bites you!! The oklob plant spits acid at you.
The splash of acid hits you!
* * * LOW HITPOINT WARNING * * *
You are splashed with acid!
The acid burns!
* * * LOW HITPOINT WARNING * * *
You feel better. You block the komodo dragon's attack.
The oklob plant spits acid at you. The splash of acid hits you!
* * * LOW HITPOINT WARNING * * *
You are splashed with acid!
The acid burns!
* * * LOW HITPOINT WARNING * * *
As you read the scroll of fear, it crumbles to dust.
You assume a fearsome visage.
The komodo dragon looks frightened!
The oklob plant is unaffected.
The oklob plant spits acid at you. The splash of acid hits you!
You die...

#..÷...#..P......#
###..#......P......#
#...........P......#
#...#....#..P......##
##.##.#.###..#.......#
.#..#..†...##.........#
.....#....##.........##
........>.....#..P...#
.....##....#....@....#
#...##.#....#.##......#
....###..##.#.##..l..##
#....##....#..##.....#
.>.............#.......
#......P#..P..#.........
#......P##..............
######.####.#.#.#..#.##.
... .....#


You could see an oklob plant and a komodo dragon (fleeing).

Vanquished Creatures
  A queen ant (D:10)
  An unseen horror (D:10)
  A hill giant (D:8)
  An elephant (D:9)
  The ghost of tape the Digger, a novice FoEE (D:4)
  3 spiny frogs
  2 torpor snails (Lair:1)
  A rime drake (Lair:2)
  2 komodo dragons
  A troll (D:7)
  A two-headed ogre (D:9)
  Grinder (D:3)
  5 hippogriffs
  Sigmund (D:4)
  A spriggan (D:8)
  23 yaks
  A basilisk (Lair:1)
  A steam dragon (D:7)
  A swamp worm (Lair:2)
  20 soldier ants (D:10)
  5 water moccasins
  3 orc warriors
  3 porcupines (Lair:1)
  2 sky beasts
  A black bear (Lair:2)
  A necrophage (D:7)
  4 ice beasts
  9 wolves
  7 ogres
  8 centaurs
  4 crocodiles
  2 big kobolds
  16 bullfrogs
  A wyvern skeleton (D:9)
  6 scorpions
  17 killer bees
  4 howler monkeys
  2 vampire bats (Lair:2)
  4 bullfrog zombies
  2 crimson imps
  4 hounds
  Crazy Yiuf (D:5)
  2 jellies
  9 orc wizards
  4 orc priests
  3 centaur skeletons
  2 bullfrog skeletons (D:4)
  3 iguanas
  35 worker ants
  Ijyb (D:2)
  A killer bee zombie (D:8)
  A hound zombie (D:5)
  A hound skeleton (D:8)
  A worker ant zombie (D:9)
  Robin (D:4)
  A howler monkey skeleton (D:4)
  3 gnolls (D:6)
  9 river rats (Lair:1)
  11 adders
  A shadow imp (D:3)
  An adder skeleton (D:9)
  9 worms
  3 dart slugs
  3 leopard geckos
  46 orcs
  A ball python (D:1)
  18 bats
  8 giant cockroaches
  22 goblins
  14 hobgoblins
  5 jackals
  6 quokkas
  3 frilled lizards
  A jackal skeleton (D:4)
  19 kobolds
  2 leopard gecko zombies
  A quokka skeleton (D:4)
  9 rats
435 creatures vanquished.

Vanquished Creatures (others)
  4 fungi
4 creatures vanquished.

Grand Total: 439 creatures vanquished

Notes
Turn   | Place    | Note
-------+----------+-------------------------------------------
     0 | D:1      | Hennin the Minotaur Fighter began the quest for the Orb.
     0 | D:1      | Reached XP level 1. HP: 19/19 MP: 0/0
   233 | D:1      | Reached XP level 2. HP: 27/27 MP: 1/1
   569 | D:1      | Reached skill level 3 in Axes
   743 | D:1      | Reached XP level 3. HP: 33/33 MP: 2/2
  1135 | D:2      | Reached skill level 1 in Dodging
  1159 | D:2      | Noticed a bullfrog
  1379 | D:2      | Found a white marble altar of Elyvilon.
  2017 | D:3      | Noticed Ijyb
  2022 | D:2      | Reached XP level 4. HP: 17/40 MP: 3/3
  2298 | D:3      | Noticed Grinder
  2307 | D:2      | Reached skill level 4 in Axes
  2308 | D:2      | Killed Ijyb
  2631 | D:2      | Reached XP level 5. HP: 47/47 MP: 4/4
  2983 | D:3      | Paralysed by Grinder for 6 turns
  2993 | D:3      | Paralysed by Grinder for 5 turns
  3002 | D:3      | Killed Grinder
  3002 | D:3      | Reached skill level 5 in Axes
  3002 | D:3      | Reached skill level 1 in Spellcasting
  3002 | D:3      | Reached XP level 6. HP: 46/53 MP: 6/6
  3372 | D:4      | Reached skill level 5 in Fighting
  3372 | D:4      | Reached skill level 5 in Shields
  3572 | D:4      | Reached XP level 7. HP: 61/61 MP: 7/7
  3922 | D:4      | Noticed Sigmund
  3924 | D:4      | Noticed tape's ghost (novice FoEE)
  3929 | D:4      | Killed Sigmund
  3929 | D:4      | Reached skill level 6 in Axes
  3929 | D:4      | Reached skill level 5 in Armour
  3946 | D:4      | Killed tape's ghost
  3946 | D:4      | Reached XP level 8. HP: 70/70 MP: 9/9
  3949 | D:4      | Noticed Robin
  3958 | D:4      | Killed Robin
  4573 | D:5      | Entered Level 5 of the Dungeon
  4584 | D:5      | Found a sparkling altar of Nemelex Xobeh.
  4640 | D:5      | Reached skill level 7 in Axes
  4770 | D:5      | Found a staircase to the Ecumenical Temple.
  4788 | Temple   | Entered the Ecumenical Temple
  5134 | D:5      | Found an iron altar of Okawaru.
  5143 | D:5      | Became a worshipper of Warmaster Okawaru
  5565 | D:5      | Found a runed door.
  5921 | D:5      | Noticed Crazy Yiuf
  5925 | D:5      | Killed Crazy Yiuf
  6104 | D:6      | Reached * piety under Okawaru
  6168 | D:6      | Reached skill level 8 in Axes
  6228 | D:6      | Found Relitwih's Distillery.
  6329 | D:6      | Reached XP level 9. HP: 78/78 MP: 11/11
  6402 | D:6      | Learned a level 3 spell: Regeneration
  7085 | D:7      | Reached skill level 5 in Dodging
  7157 | D:7      | Reached skill level 9 in Axes
  7165 | D:7      | Reached ** piety under Okawaru
  7234 | D:7      | Found a sacrificial altar of Ru.
  7430 | D:7      | Noticed a troll
  7443 | D:7      | Killed a troll
  7809 | D:7      | You fall through a shaft!
  7820 | D:8      | Found a stormy altar of Qazlal.
  7832 | D:8      | Noticed a hill giant
  7841 | D:8      | Killed a hill giant
  7841 | D:8      | Reached XP level 10. HP: 47/88 MP: 13/13
  8040 | D:8      | Reached *** piety under Okawaru
  8412 | D:8      | Found a blossoming altar of Fedhas.
  8423 | D:8      | Reached skill level 10 in Axes
  8943 | D:8      | Found Eruzioh's Assorted Antiques.
  9012 | D:8      | Found a shattered altar of Ashenzari.
  9195 | D:8      | Reached skill level 1 in Invocations
  9660 | D:9      | Found a staircase to the Lair.
  9672 | D:9      | Reached **** piety under Okawaru
  9687 | D:9      | Noticed an elephant
  9712 | D:9      | Killed an elephant
  9712 | D:9      | Reached skill level 11 in Axes
  9779 | D:9      | Reached XP level 11. HP: 95/95 MP: 15/15
  9867 | D:9      | Found a glowing silver altar of Zin.
  9976 | D:9      | Found a staircase to the Orcish Mines.
 10282 | D:9      | Reached ***** piety under Okawaru
 10345 | D:10     | Entered Level 10 of the Dungeon
 10770 | D:10     | Noticed a queen ant
 10825 | D:10     | Killed an unseen horror
 10825 | D:10     | Received a gift from Okawaru
 10825 | D:10     | Reached skill level 12 in Axes
 11203 | D:10     | Learned a level 1 spell: Apportation
 11206 | D:10     | Learned a level 2 spell: Blink
 11923 | D:10     | Killed a queen ant
 11946 | D:10     | Received a gift from Okawaru
 12618 | Lair:1   | Entered Level 1 of the Lair of Beasts
 12758 | Lair:1   | Reached XP level 12. HP: 78/104 MP: 17/17
 12905 | Lair:1   | Found a snail-covered altar of Cheibriados.
 13303 | Lair:1   | Reached skill level 10 in Shields
 13659 | Lair:2   | Reached skill level 13 in Axes
 13930 | Lair:2   | Reached skill level 5 in Spellcasting
 14028 | Lair:2   | Found a staircase to the Swamp.
 14116 | Lair:2   | Got a crude bardiche
 14122 | Lair:2   | Identified the +2 bardiche of Intimidation {chop, MR+ Int+5} (You found it on level 2 of the Lair of Beasts)
 15101 | Lair:3   | Found a hole to the Spider Nest.
 15165 | Lair:3   | HP: 1/106 [acid (8)]
 15166 | Lair:3   | Killed from afar by an oklob plant

Vault maps used:
D:1:      minmay_arrival_shattered_statue
D:2:      lemuel_round_altar, roderic_nine_men_s_morris, lightli_corner_chamber
D:3:      solitary_fountain, minmay_hedge_maze, minivault_26, uniq_grinder,
          uniq_iyjb
D:4:      first_bread, uniq_robin, uniq_sigmund
D:5:      old_standard_altar, basic_altar, uniq_crazy_yiuf_cottage
D:6:      serial_shops, shop
D:7:      kennysheep_mini_moat
D:8:      lemuel_crystal_altar, nicolae_overflow_hidden_temple, serial_shops,
          nicolae_shop_temple_entry_statues_fountains, basic_altar, the_bakery,
          minmay_bent
D:9:      david_lair_generic, orc_0_dummy, basic_altar
D:10:     minivault_29
Temple:   nicolae_temple_elliptical
Lair:1:   kennysheep_snail_temple, lemuel_fruit_tree,
          infiniplex_staircase_pool_2, grunt_megastairs_3
Lair:2:   minmay_swamp_entry_worms, roderic_batcave
Lair:3:   nicolae_spider_entry_non_spiders, patterned_corridor,
          uniq_prince_ribbit2

Skill      XL: |  1  2  3  4  5  6  7  8  9 10 11 12 |
---------------+-------------------------------------+-----
Fighting       | 4 5 6 7 8 9 |  9.9
Axes           | 3 4 5 6 8 9 11 12 13 | 13.3
Shields        | 4 5 6 7 8 9 10 | 10.4
Dodging        | 1 2 3 4 5 6 7 8 |  8.2
Armour         | 4 5 6 7 8 9 |  9.9
Spellcasting   | 1 2 3 4 5 |  5.0
Invocations    | 2 4 |  4.9

Action                   |  1- 3 |  4- 6 |  7- 9 | 10-12 || total
-------------------------+-------+-------+-------+-------++-------
Melee: War axe           |   109 |     8 |       |       ||   117
       Headbutt          |    13 |    11 |    54 |   210 ||   288
       Hand axe          |       |    66 |   305 |   415 ||   786
       Demon whip        |       |       |       |   221 ||   221
       Broad axe         |       |       |       |   191 ||   191
       Bardiche          |       |       |       |    14 ||    14
Evoke: Wand              |       |       |     6 |     3 ||     9
  Use: Scroll            |     9 |       |    10 |    13 ||    32
       Potion            |       |     4 |     1 |     5 ||    10
  Eat: Chunk             |     3 |     5 |    14 |    22 ||    44
       Pizza             |       |       |       |     1 ||     1
       Fruit             |       |       |       |     1 ||     1
Armor: Scale mail        |    47 |    10 |       |       ||    57
       Chain mail        |       |    27 |   102 |   247 ||   376
Dodge: Dodged            |    37 |    23 |    72 |   296 ||   428
Block: Shield            |    68 |    49 |   144 |   434 ||   695
